 Dungeon Crawl Stone Soup version 0.27-a0-287-gd4424db (webtiles) character file.

Game seed: 12032376193804483232

10 Cunctator the Insei (level 2, 0/23 HPs)
             Began as a Gnoll Transmuter on Feb 8, 2021.
             Slain by a rat (1 damage)
             ... on level 1 of the Dungeon.
             The game lasted 00:01:09 (215 turns).

Cunctator the Insei (Gnoll Transmuter)               Turns: 215, Time: 00:01:09

Health: 0/23       AC:  2    Str:  9    XL:     2   Next: 20%
Magic:  6/7        EV: 13    Int: 12    God:
Gold:   35         SH:  0    Dex: 12    Spells: 9/10 levels left

rFire    . . .     SeeInvis .   f - +0 spear
rCold    . . .     Faith    .   (no shield)
rNeg     . . .     Spirit   .   a - +0 robe
rPois    .         Reflect  .   (helmet currently unavailable)
rElec    .         Harm     .   (no cloak)
rCorr    .         Rampage  .   (no gloves)
Will     .....                  (boots currently unavailable)
Stlth    +.........             (no amulet)
HPRegen  0.07/turn              (no ring)
MPRegen  0.10/turn              (no ring)

@: appendages
A: distributed training, fangs 1, horns 2, talons 2, strong nose
a: End Transformation


You were on level 1 of the Dungeon.
You had grown temporary horns.
You had grown temporary talons.
You visited 1 branch of the dungeon, and saw 1 of its levels.

You collected 35 gold pieces.


Innate Abilities, Weirdness & Mutations

Your experience applies equally to all skills.
You have very sharp teeth.
Your uncanny sense of smell can sniff out nearby items.
You have a pair of horns on your head.
You have razor-sharp toenails.


   Skills:
 + Level 2.4 Fighting
 + Level 0.3 Short Blades
 + Level 0.3 Long Blades
 + Level 0.3 Axes
 + Level 0.3 Maces & Flails
 + Level 0.3 Polearms
 + Level 0.3 Staves
 + Level 0.3 Slings
 + Level 0.3 Bows
 + Level 0.3 Crossbows
 + Level 0.3 Throwing
 + Level 0.3 Armour
 + Level 4.4 Dodging
 + Level 0.3 Stealth
 + Level 0.3 Shields
 + Level 6.4 Unarmed Combat
 + Level 4.9 Spellcasting
 + Level 0.2 Conjurations
 + Level 0.2 Hexes
 + Level 0.2 Summonings
 + Level 0.2 Necromancy
 + Level 0.2 Translocations
 + Level 3.7 Transmutations
 + Level 0.2 Fire Magic
 + Level 0.2 Ice Magic
 + Level 0.2 Air Magic
 + Level 0.2 Earth Magic
 + Level 0.2 Poison Magic
 + Level 0.4 Invocations
 + Level 0.3 Evocations


You had 9 spell levels left.
You knew the following spells:

 Your Spells              Type           Power        Failure   Level
z - Beastly Appendage     Tmut           22%          4%          1

Your spell library contained the following spells:

 Spells                   Type           Power        Failure   Level
 Wereblood                Tmut           11%          7%          2
 Spider Form              Tmut/Pois      3%           26%         3
 Ice Form                 Ice/Tmut       7%           65%         4
 Blade Hands              Tmut           5%           77%         5

Inventory:

Hand Weapons
 f - a +0 spear (weapon)
Armour
 a - a +0 robe (worn)
 b - a +0 pair of boots
Scrolls
 c - a scroll of identify {unknown}
Potions
 d - a potion of berserk rage {unknown}
 e - a potion of lignification {unknown}

Dungeon Overview and Level Annotations

Branches:
Dungeon (1/15)

Altars:

...............
...............
............... ..
..............▒ .♣♣
............▒ ▒. ...
▒....?.....▒ ▒▒▒▒.▒▒.▒
▒.r.†....?▒
....▒..▒▒▒▒▒..g......▒
▒.........▒.........▒
▒▒▒▒▒..................▒
.......................▒
▒......................▒
▒.▒.....................
..▒▒.........^▒▒▒▒▒.....
..▒▒..........▒ .....
†.▒▒..........▒ .....


You could see a rat.


Message History

The jackal closely misses you.
You barely miss the giant cockroach. Your kick misses the giant cockroach.
The giant cockroach is severely wounded.
The jackal misses you. The giant cockroach barely misses you.
The rat closely misses you. The jackal bites you.
* * * LOW HITPOINT WARNING * * *
The giant cockroach bites you.
* * * LOW HITPOINT WARNING * * *
You hit the giant cockroach but do no damage.
You claw the giant cockroach.
Your headbutt misses the giant cockroach.
The giant cockroach is almost dead.
The rat bites you but does no damage.
The jackal bites you but does no damage.
The giant cockroach barely misses you. The rat bites you.
* * * LOW HITPOINT WARNING * * *
You hit the giant cockroach but do no damage.
You punch the giant cockroach.
You kill the giant cockroach!
The jackal bites you but does no damage.
The jackal bites you but does no damage.
The rat barely misses you.
You hit the jackal.
You kill the jackal!
The rat bites you.
You die...

Action                   || total
-------------------------++-------
Melee: Unarmed           ||    11
       Kick              ||     2
       Bite              ||     2
       Headbutt          ||     1
       Spear             ||    21
       Punch             ||     1
 Cast: Beastly Appendage ||     3
Armor: Robe              ||    14
Dodge: Dodged            ||    41

Levels and vault maps discovered:
D:1:      dpeg_arrival_short_road, layout_rooms, chequers_mini_garden,
          evilmike_ruin_ashenzari

Notes
Turn   | Place    | Note
-------+----------+-------------------------------------------
     0 | D:1      | Cunctator the Gnoll Transmuter began the quest for the Orb.
     0 | D:1      | Reached XP level 1. HP: 17/17 MP: 6/6
   117 | D:1      | Reached XP level 2. HP: 21/23 MP: 7/7
   213 | D:1      | HP: 1/23 [rat (3)]
   215 | D:1      | Slain by a rat

Vanquished Creatures
  A leopard gecko (D:1)
  2 giant cockroaches (D:1)
  2 jackals (D:1)
  A ball python (D:1)
  3 bats (D:1)
  A frilled lizard (D:1)
  A rat (D:1)
11 creatures vanquished.
